 Dungeon Crawl Stone Soup version 0.29.1-2-gbd0b4ee654 (webtiles) character file.

Game seed: 1631031926139553494

406 croobank the Caller (level 6, -2/41 HPs)
             Began as an Octopode Summoner on Nov 8, 2022.
             Killed by divine providence
             ... invoked by an orc priest
              (11 damage)
             ... on level 5 of the Dungeon.
             The game lasted 00:13:16 (4326 turns).

croobank the Caller (Octopode Summoner)             Turns: 4326, Time: 00:13:16

Health: -2/41      AC:  1    Str:  8    XL:     6   Next: 87%
Magic:  10/10      EV: 14    Int: 19    God:
Gold:   148        SH:  0    Dex: 12    Spells: 2/11 levels left

rFire   . . .      SeeInvis .   t - +1 trident (venom)
rCold   . . .      Faith    .   (no shield)
rNeg    . . .      Spirit   .   (helmet restricted)
rPois   .          Reflect  .   k - amulet of the acrobat
rElec   .          Harm     .   (no ring)
rCorr   .          Rampage  .   (no ring)
Will    .....                   (no ring)
Stlth   ++++......              (no ring)
HPRegen 0.13/turn               (no ring)
MPRegen 0.12/turn               (no ring)
                                (no ring)
                                (no ring)

@: no status effects
A: almost no armour, amphibious, 8 rings, camouflage 1, gelatinous body 1,
(nimble swimmer 1), tentacles
a: no special abilities


You were on level 5 of the Dungeon.
You visited 1 branch of the dungeon, and saw 5 of its levels.

You collected 148 gold pieces.

Inventory:

Hand Weapons
 b - a +0 great mace
 f - a +0 dagger
 g - a +0 vampiric short sword
 n - a +0 flail
 t - a +1 trident of venom (weapon)
Missiles
 o - 2 throwing nets (quivered)
Magical Staves
 m - a staff of fire
Jewellery
 k - an amulet of the acrobat (around mantle)
 r - a ring of resist corrosion
Scrolls
 d - 2 scrolls of vulnerability
Potions
 a - 2 potions of magic
 c - a potion of heal wounds
 e - a potion of brilliance
 h - a potion of attraction {unknown}
 i - 5 potions of haste {unknown}
 j - 3 potions of lignification {unknown}
 l - a potion of degeneration {unknown}
 p - a potion of curing
 q - a potion of flight {unknown}
 u - a potion of might {unknown}
 w - a potion of ambrosia {unknown}


   Skills:
 + Level 2.6 Fighting
 + Level 3.4 Dodging
 + Level 4.8 Stealth
 + Level 3.2 Spellcasting
 + Level 1.7 Hexes
 + Level 5.0 Summonings


You had 2 spell levels left.
You knew the following spells:

 Your Spells              Type           Power      Damage    Failure   Level
a - Summon Small Mammal   Summ           88%        N/A       1%          1
b - Call Imp              Summ           22%        N/A       3%          2
c - Call Canine Familiar  Summ           22%        N/A       6%          3
d - Summon Guardian Gole  Hex/Summ       15%        N/A       12%         3

Your spell library contained the following spells:

 Spells                   Type           Power      Damage    Failure   Level
 Summon Lightning Spire   Summ/Air       12%        N/A       47%         4


Dungeon Overview and Level Annotations

Branches:
Dungeon (5/15)
 Temple: D:4-7

Altars:
Elyvilon
Nemelex Xobeh
Qazlal
Ru
Vehumet

Annotations:
D:4 Robin


Innate Abilities, Weirdness & Mutations

You cannot wear most types of armour.
You are amphibious.
You can wear up to eight rings at the same time.
Your skin changes colour to match your surroundings (Stealth+).
Your rubbery body absorbs attacks. (AC +1, EV +1)
((You are camouflaged when in or above water. (Stealth+)))
You have tentacles for arms and can constrict up to eight enemies at once.


Message History

A goblin comes into view. It is wielding a +0 dagger.
Something hits your quokka.
Your quokka dies!
Your quokka's corpse disappears in a puff of smoke!
The hobgoblin completely misses you.
There is a stone staircase leading down, spattered with blood here.
You see here a +0 short sword.
The hobgoblin hits you.
You climb downwards.
Found a leather armour, 24 gold pieces and a potion of curing.
There is a stone staircase leading up here.
Really read the scroll of poison?
The air fills with toxic fumes!
As you read the scroll of poison, it crumbles to dust.
The orc priest shouts! x2; You hear a shout!
The goblin hits you with a +3 dagger. The hobgoblin barely misses you.
The orc shouts!
You hit the goblin but do no damage. Your grab misses the goblin.
The hobgoblin no longer looks unusually strong.
The hobgoblin completely misses you. The goblin hits you with a +3 dagger!
* * * LOW HITPOINT WARNING * * *
You feel much better.
The goblin no longer looks unusually strong.
The hobgoblin closely misses you. The goblin barely misses you.
You puncture the goblin!
You kill the goblin!
The hobgoblin misses you.
The hobgoblin hits you but does no damage.
You hit the hobgoblin.
The hobgoblin is poisoned.
You grab the hobgoblin.
The hobgoblin is moderately wounded.
You constrict the hobgoblin.
The orc priest invokes the aid of Beogh against you.
Beogh smites you!
* * * LOW HITPOINT WARNING * * *
The hobgoblin misses you.
You barely miss the hobgoblin. You squeeze the hobgoblin.
You kill the hobgoblin!
The orc priest calls down the wrath of Beogh upon you.
Beogh smites you!
You die...

§§☼§§§§§§§§§§§#
☼§§§§§☼§§§☼§§§#
§§§§§☼§§§☼§§§o#
§§§§§§§§☼§o§§☼#
☼§§§§§☼§§§§o§☼#
☼§§§§§§☼§☼§§§§#
§§§§§§.§§§§☼§o#
☼§§§§§§@)§§§§§#
§☼§§§☼☼§§§§§§§#
☼§§☼§§§§§§§§§§#
§☼☼☼☼§§§§☼§§§§#
§☼§§§§☼§§§§§§§#
§§§☼☼§☼§§§§☼§☼#
§§§§§§§§§§§§#§§
###############


You could see 2 orc priests and 2 orcs.

Vanquished Creatures
  A phantom (D:4)
  Jessica (D:2)
  An orc wizard (D:4)
  2 adders
  A gnoll (D:3)
  5 orcs
  2 ball pythons (D:1)
  3 endoplasms
  2 giant cockroaches (D:2)
  4 goblins
  3 hobgoblins
  A bat (D:2)
  2 frilled lizards (D:3)
  3 kobolds
31 creatures vanquished.

Vanquished Creatures (collateral kills)
  A hound (D:4)
  Terence (D:2)
  5 adders
  6 gnolls
  A worm (D:2)
  2 dart slugs
  4 orcs
  6 endoplasms
  A giant cockroach (D:2)
  4 goblins
  5 hobgoblins
  2 jackals (D:4)
  6 kobolds
  3 quokkas
  2 ball pythons (D:1)
  2 bats
  2 frilled lizards (D:1)
  3 rats
56 creatures vanquished.

Vanquished Creatures (others)
  2 plants (D:3)
2 creatures vanquished.

Grand Total: 89 creatures vanquished

Notes
Turn   | Place    | Note
-------+----------+-------------------------------------------
     0 | D:1      | croobank the Octopode Summoner began the quest for the Orb.
     0 | D:1      | Reached XP level 1. HP: 11/11 MP: 3/3
   305 | D:1      | Reached XP level 2. HP: 18/18 MP: 3/5
   308 | D:1      | Learned a level 2 spell: Call Imp
   586 | D:1      | Found a faded altar of an unknown god.
   794 | D:1      | Reached XP level 3. HP: 21/22 MP: 1/6
   798 | D:1      | Learned a level 3 spell: Call Canine Familiar
  1128 | D:1      | Reached skill level 1 in Fighting
  1499 | D:2      | Reached XP level 4. HP: 28/28 MP: 0/7
  1582 | D:2      | Noticed Terence
  1798 | D:2      | Noticed Jessica
  1811 | D:2      | Killed Jessica
  2116 | D:2      | Reached XP level 5. HP: 21/34 MP: 1/9
  2233 | D:2      | Learned a level 3 spell: Summon Guardian Golem
  2488 | D:2      | Killed Terence
  2762 | D:3      | Found a stormy altar of Qazlal.
  2769 | D:3      | Found a radiant altar of Vehumet.
  2771 | D:3      | Found a sparkling altar of Nemelex Xobeh.
  2772 | D:3      | Found a sacrificial altar of Ru.
  2846 | D:3      | Found a white marble altar of Elyvilon.
  2927 | D:3      | Reached XP level 6. HP: 33/39 MP: 10/10
  3029 | D:3      | Reached skill level 1 in Hexes
  4302 | D:4      | Noticed Robin
  4313 | D:4      | Reached skill level 5 in Summonings
  4320 | D:5      | Entered Level 5 of the Dungeon
  4326 | D:5      | Killed from afar by an orc priest

Illustrated notes

Levels and vault maps discovered:
D:1:      dpeg_arrival_arbitrary_c, layout_basic,
          ebering_ecumenical_altar_abandoned
D:2:      layout_basic, uniq_terence, uniq_jessica
D:3:      layout_loops_cross, nicolae_overflow_hallway_of_the_gods,
          nicolae_grassy_gnolls
D:4:      layout_loops_ring, minmay_close_crescents, uniq_robin
D:5:      layout_basic, trog_book, nicolae_overflow_squiral, grunt_tough_drop,
          uniq_menkaure

Skill      XL: |  1  2  3  4  5  6 |
---------------+-------------------+-----
Stealth        | 3 4 |  4.8
Fighting       | 1 2 |  2.6
Dodging        | 3 |  3.4
Spellcasting   | 3 |  3.2
Hexes          | 1 |  1.7
Summonings     | 5 |  5.0

Action                   |  1- 3 |  4- 6 || total
-------------------------+-------+-------++-------
Melee: Short sword       |    13 |    14 ||    27
       Tentacles         |     3 |    12 ||    15
       Constrict         |     4 |    12 ||    16
       Flail             |       |    13 ||    13
       Trident           |       |    41 ||    41
       Punch             |       |     1 ||     1
 Cast: Summon Small Mamm |    28 |    33 ||    61
       Call Imp          |    10 |    15 ||    25
       Call Canine Famil |     8 |    16 ||    24
       Summon Guardian G |       |     1 ||     1
  Use: Scroll            |       |     8 ||     8
       Potion            |       |     1 ||     1
 Stab: Sleeping          |     1 |     6 ||     7
Armor: Skin              |       |     7 ||     7
Dodge: Dodged            |     9 |    57 ||    66
